3AA
SALEM MISFITS @ LANCASTER FARMERS
09/23/2022
 
TOP OF THE 1ST
Salem Misfits batting - Pitching for Lancaster Farmers : RHP Bill Lee
Pitching: RHP Bill Lee
Batting: RHB Luis Martínez 0-0: Foul Ball, location: 2F
0-1: Ground out 5-3 (Groundball, 56)
Batting: RHB Héctor Cantú 0-0: Ball
1-0: Swinging Strike
1-1: Ball
2-1: SOLO HOME RUN (Flyball, 89XD), Distance : 412 ft
Batting: LHB Micheal Garren 0-0: Ball
1-0: Ball
2-0: Foul Ball, location: 2F
2-1: Fly out, F7 (Line Drive, 7LM)
Batting: RHB Steve Duncan 0-0: Called Strike
0-1: Swinging Strike
0-2: Ball
1-2: Ball
2-2: SINGLE (Flyball, 78S)
Batting: SHB Emílio Gonzáles 0-0: Ball
1-0: Called Strike
1-1: Ball
2-1: Ball
3-1: Base on Balls
Steve Duncan to second
Batting: SHB Jim Unknown 0-0: Called Strike
0-1: SINGLE (Groundball, 56D)
Steve Duncan to third
Emílio Gonzáles to second
Runner from 3rd tries for Home, SAFE, no throw or cutoff
Batting: RHB Miguel Torres 0-0: Foul Ball, location: 2F
0-1: Ball
1-1: Fly out, F5 (Popup, 56S)
Top of the 1st over - 2 run(s), 3 hit(s), 0 error(s), 2 left on base; Salem 2 - Lancaster 0
BOTTOM OF THE 1ST
Lancaster Farmers batting - Pitching for Salem Misfits : LHP Javier Roldán
Pitching: LHP Javier Roldán
Batting: SHB Jim Henderson 0-0: Ball
1-0: SINGLE (Flyball, 8RS)
Batting: LHB Rob Wilson 0-0: Ball
1-0: Ball
2-0: Called Strike
2-1: Foul Ball, location: 2F
2-2: Fly out, F9 (Flyball, 9D)
Batting: RHB Fred Meyer 0-0: Ball
1-0: SINGLE (Line Drive, 6M)
Jim Henderson to second
Runner from 2nd tries for 3rd, SAFE, throw made to third
Batting: RHB Sean MacKnight 0-0: Ball
1-0: Called Strike
1-1: Ball
2-1: Swinging Strike
2-2: Ball
3-2: Strikes out looking
Batting: RHB Eric Howard 0-0: Ball
1-0: Called Strike
1-1: Ball
2-1: Ball
3-1: Fielders Choice at 2nd, U6 (Groundball, 6M)
Bottom of the 1st over - 0 run(s), 2 hit(s), 0 error(s), 2 left on base; Salem 2 - Lancaster 0
TOP OF THE 2ND
Salem Misfits batting - Pitching for Lancaster Farmers : RHP Bill Lee
Batting: RHB Jim Unknown 0-0: Ball
1-0: Fly out, F3 (Popup, 3L)
Batting: RHB Jim Unknown 0-0: Called Strike
0-1: Ball
1-1: Ball
2-1: Foul Ball, location: 2F
2-2: SINGLE (Flyball, 9S)
Batting: RHB Luis Martínez 0-0: SINGLE (Line Drive, 4M)
Jim Unknown to second
Batting: RHB Héctor Cantú 0-0: Ball
1-0: Called Strike
1-1: Fly out, F8 (Flyball, 8RM)
Batting: LHB Micheal Garren 0-0: Hit by Pitch
Jim Unknown to third
Luis Martínez to second
Batting: RHB Steve Duncan 0-0: Ball
1-0: Ball
2-0: Ball
3-0: Called Strike
3-1: Fly out, F3 (Popup, 3F)
Top of the 2nd over - 0 run(s), 2 hit(s), 0 error(s), 3 left on base; Salem 2 - Lancaster 0
BOTTOM OF THE 2ND
Lancaster Farmers batting - Pitching for Salem Misfits : LHP Javier Roldán
Batting: RHB Chuck Wolf 0-0: SINGLE (Groundball, 56D)
Batting: RHB Alan Potts 0-0: Called Strike
0-1: Swinging Strike
0-2: Grounds into double play, 1-4-3 (Groundball, 15S)
Batting: LHB Juan Durán 0-0: Swinging Strike
0-1: Ball
1-1: Fly out, F7 (Flyball, 7D)
Bottom of the 2nd over - 0 run(s), 1 hit(s), 0 error(s), 0 left on base; Salem 2 - Lancaster 0
TOP OF THE 3RD
Salem Misfits batting - Pitching for Lancaster Farmers : RHP Wilson Vélez
Pitching: RHP Wilson Vélez
Batting: SHB Emílio Gonzáles 0-0: Called Strike
0-1: Fly out, F6 (Line Drive, 6)
Batting: SHB Jim Unknown 0-0: Ball
1-0: Foul Ball, location: 2F
1-1: Ball
2-1: Foul Ball, location: 2F
2-2: Strikes out swinging
Batting: RHB Miguel Torres 0-0: Fly out, F9 (Flyball, 9LM)
Top of the 3rd over - 0 run(s), 0 hit(s), 0 error(s), 0 left on base; Salem 2 - Lancaster 0
BOTTOM OF THE 3RD
Lancaster Farmers batting - Pitching for Salem Misfits : LHP Javier Roldán
Batting: RHB Carl Bryant 0-0: Fly out, F8 (Flyball, 8LM)
Batting: SHB Jim Henderson 0-0: Ball
1-0: Foul Ball, location: 2F
1-1: Called Strike
1-2: Ball
2-2: Strikes out looking
Batting: LHB Rob Wilson 0-0: Swinging Strike
0-1: Fly out, F7 (Popup, 7LS)
Bottom of the 3rd over - 0 run(s), 0 hit(s), 0 error(s), 0 left on base; Salem 2 - Lancaster 0
TOP OF THE 4TH
Salem Misfits batting - Pitching for Lancaster Farmers : RHP Wilson Vélez
Batting: RHB Jim Unknown 0-0: Called Strike
0-1: Foul Ball, location: 2F
0-2: Strikes out swinging
Batting: RHB Jim Unknown 0-0: Ball
1-0: Ground out 6-3 (Groundball, 56)
Batting: RHB Luis Martínez 0-0: Foul Ball, location: 2F
0-1: Called Strike
0-2: Ball
1-2: Strikes out swinging
Top of the 4th over - 0 run(s), 0 hit(s), 0 error(s), 0 left on base; Salem 2 - Lancaster 0
BOTTOM OF THE 4TH
Lancaster Farmers batting - Pitching for Salem Misfits : LHP Javier Roldán
Batting: RHB Fred Meyer 0-0: Ball
1-0: Called Strike
1-1: Swinging Strike
1-2: Strikes out swinging
Batting: RHB Sean MacKnight 0-0: Fly out, F7 (Flyball, 7LMF)
Batting: RHB Eric Howard 0-0: Ball
1-0: Called Strike
1-1: Ball
2-1: Ball
3-1: Foul Ball, location: 2F
3-2: SINGLE (Groundball, 4MD)
Batting: RHB Chuck Wolf 0-0: Ball
1-0: Ball
2-0: Ball
3-0: Called Strike
3-1: Base on Balls
Eric Howard to second
Batting: RHB Alan Potts 0-0: Foul Ball, location: 2F
0-1: Ball
1-1: Ball
2-1: Ball
3-1: Base on Balls
Eric Howard to third
Chuck Wolf to second
Batting: LHB Juan Durán 0-0: Foul Ball, location: 2F
0-1: Ball
1-1: Fielders Choice at 2nd, U4 (Groundball, 4M)
Bottom of the 4th over - 0 run(s), 1 hit(s), 0 error(s), 3 left on base; Salem 2 - Lancaster 0
TOP OF THE 5TH
Salem Misfits batting - Pitching for Lancaster Farmers : RHP Wilson Vélez
Batting: RHB Héctor Cantú 0-0: Foul Ball, location: 2F
0-1: Swinging Strike
0-2: Ball
1-2: Strikes out looking
Batting: LHB Micheal Garren 0-0: Called Strike
0-1: Ball
1-1: Called Strike
1-2: Foul Ball, location: 2F
1-2: Strikes out swinging
Batting: RHB Steve Duncan 0-0: Called Strike
0-1: SINGLE (Line Drive, 6MD)
Batting: SHB Emílio Gonzáles 0-0: Ground out U3 (Groundball, 3L)
Top of the 5th over - 0 run(s), 1 hit(s), 0 error(s), 1 left on base; Salem 2 - Lancaster 0
BOTTOM OF THE 5TH
Lancaster Farmers batting - Pitching for Salem Misfits : LHP Javier Roldán
Batting: RHB Carl Bryant 0-0: Called Strike
0-1: Called Strike
0-2: Ball
1-2: Fly out, F9 (Popup, 3D)
Batting: SHB Jim Henderson 0-0: Called Strike
0-1: Foul Ball, location: 2F
0-2: Fly out, F8 (Line Drive, 8LM)
Batting: LHB Rob Wilson 0-0: Ball
1-0: Swinging Strike
1-1: Ball
2-1: Ball
3-1: Called Strike
3-2: Base on Balls
Batting: RHB Fred Meyer 0-0: Called Strike
0-1: SINGLE (Groundball, 4MD)
Rob Wilson to second
Runner from 2nd tries for 3rd, SAFE, throw made to third
Batting: RHB Sean MacKnight 0-0: Ball
1-0: Fly out, F6 (Popup, 6M)
Bottom of the 5th over - 0 run(s), 1 hit(s), 0 error(s), 2 left on base; Salem 2 - Lancaster 0
TOP OF THE 6TH
Salem Misfits batting - Pitching for Lancaster Farmers : RHP Wilson Vélez
Batting: SHB Jim Unknown 0-0: Foul Ball, location: 2F
0-1: Foul Ball, location: 2F
0-2: Ball
1-2: Fly out, F8 (Line Drive, 8RM)
Batting: RHB Miguel Torres 0-0: Swinging Strike
0-1: Swinging Strike
0-2: Strikes out swinging
Batting: RHB Jim Unknown 0-0: Ball
1-0: Ball
2-0: Called Strike
2-1: Ground out 6-3 (Groundball, 6)
Top of the 6th over - 0 run(s), 0 hit(s), 0 error(s), 0 left on base; Salem 2 - Lancaster 0
BOTTOM OF THE 6TH
Lancaster Farmers batting - Pitching for Salem Misfits : LHP Javier Roldán
Batting: RHB Eric Howard 0-0: Swinging Strike
0-1: Called Strike
0-2: Foul Ball, location: 2F
0-2: Ball
1-2: Foul Ball, location: 2F
1-2: Strikes out swinging
Batting: RHB Chuck Wolf 0-0: Ball
1-0: Ball
2-0: Ball
3-0: Base on Balls
Batting: RHB Alan Potts 0-0: Called Strike
0-1: Fly out, F9 (Flyball, 89M)
Batting: LHB Juan Durán 0-0: Ball
1-0: Called Strike
Chuck Wolf steals 2nd base
1-1: Ground out 6-3 (Groundball, 6)
Bottom of the 6th over - 0 run(s), 0 hit(s), 0 error(s), 1 left on base; Salem 2 - Lancaster 0
TOP OF THE 7TH
Salem Misfits batting - Pitching for Lancaster Farmers : RHP Wilson Vélez
Batting: RHB Jim Unknown 0-0: Called Strike
0-1: Ground out 1-3 (Groundball, 15)
Batting: RHB Luis Martínez 0-0: Called Strike
0-1: Ball
1-1: Swinging Strike
1-2: Ball
2-2: Foul Ball, location: 2F
2-2: Ball
3-2: Base on Balls
Batting: RHB Héctor Cantú 0-0: Called Strike
0-1: Foul Ball, location: 2F
0-2: Ball
1-2: Ball
Luis Martínez is caught stealing 2nd base
2-2: Foul Ball, location: 2F
2-2: Ball
3-2: DOUBLE (Line Drive, 9LS)
Batting: LHB Micheal Garren 0-0: Called Strike
0-1: Foul Ball, location: 2F
0-2: Foul Ball, location: 2F
0-2: Ball
1-2: Strikes out swinging
Top of the 7th over - 0 run(s), 1 hit(s), 0 error(s), 1 left on base; Salem 2 - Lancaster 0
BOTTOM OF THE 7TH
Lancaster Farmers batting - Pitching for Salem Misfits : LHP Javier Roldán
Batting: RHB Carl Bryant 0-0: Swinging Strike
0-1: Ball
1-1: Foul Ball, location: 2F
1-2: Strikes out swinging
Batting: SHB Jim Henderson 0-0: Ball
1-0: Fly out, F7 (Flyball, 78M)
Batting: LHB Rob Wilson 0-0: Ball
1-0: Ball
2-0: Foul Ball, location: 2F
2-1: Foul Ball, location: 2F
2-2: Strikes out swinging
Bottom of the 7th over - 0 run(s), 0 hit(s), 0 error(s), 0 left on base; Salem 2 - Lancaster 0
TOP OF THE 8TH
Salem Misfits batting - Pitching for Lancaster Farmers : RHP Wilson Vélez
Batting: RHB Steve Duncan 0-0: Foul Ball, location: 2F
0-1: Called Strike
0-2: Ground out 1-3 (Groundball, 15)
Batting: SHB Emílio Gonzáles 0-0: Swinging Strike
0-1: Ball
1-1: Called Strike
1-2: Strikes out swinging
Batting: SHB Jim Unknown 0-0: Ball
1-0: Foul Ball, location: 2F
1-1: Called Strike
1-2: Foul Ball, location: 2F
1-2: Strikes out looking
Top of the 8th over - 0 run(s), 0 hit(s), 0 error(s), 0 left on base; Salem 2 - Lancaster 0
BOTTOM OF THE 8TH
Lancaster Farmers batting - Pitching for Salem Misfits : LHP Javier Roldán
Batting: RHB Fred Meyer 0-0: Called Strike
0-1: Foul Ball, location: 2F
0-2: Ball
1-2: Ball
2-2: SOLO HOME RUN (Flyball, 8LXD), Distance : 444 ft
Pitching: RHP Jim Unknown
Batting: RHB Sean MacKnight 0-0: Ball
1-0: Foul Ball, location: 2F
1-1: Called Strike
1-2: Strikes out swinging
Batting: RHB Eric Howard 0-0: Ball
1-0: Ground out 6-3 (Groundball, 6)
Batting: RHB Chuck Wolf 0-0: Foul Ball, location: 2F
0-1: Ball
1-1: Foul Ball, location: 2F
1-2: Ball
2-2: Fly out, F8 (Flyball, 8LS)
Bottom of the 8th over - 1 run(s), 1 hit(s), 0 error(s), 0 left on base; Salem 2 - Lancaster 1
TOP OF THE 9TH
Salem Misfits batting - Pitching for Lancaster Farmers : RHP Wilson Vélez
Pitching: RHP Rafael Rodríguez
Batting: RHB Miguel Torres 0-0: Foul Ball, location: 2F
0-1: Ball
1-1: SINGLE (Line Drive, 8RS)
Batting: RHB Jim Unknown 0-0: Foul Ball, location: 2F
0-1: Ball
1-1: Ball
2-1: Grounds into double play, 1-6-3 (Groundball, 13)
Batting: RHB Jim Unknown 0-0: Called Strike
0-1: Called Strike
0-2: Ground out 6-3 (Groundball, 6)
Top of the 9th over - 0 run(s), 1 hit(s), 0 error(s), 0 left on base; Salem 2 - Lancaster 1
BOTTOM OF THE 9TH
Lancaster Farmers batting - Pitching for Salem Misfits : RHP Jim Unknown
Batting: RHB Alan Potts 0-0: Ball
1-0: Ball
2-0: Ball
3-0: Foul Ball, location: 2F
3-1: Base on Balls
Batting: LHB Juan Durán 0-0: Ball
1-0: Bunted foul
1-1: Bunted foul
1-2: Ball
2-2: Fly out, F6 (Popup, 6)
Pinch Hitting: LHB Jim Unknown 0-0: Called Strike
0-1: Called Strike
0-2: Foul Ball, location: 2F
0-2: Ball
1-2: Ball
2-2: Ball
3-2: Strikes out swinging
Batting: SHB Jim Henderson 0-0: Foul Ball, location: 2F
0-1: Ball
1-1: Called Strike
1-2: Ball
2-2: Foul Ball, location: 2F
2-2: Foul Ball, location: 2F
2-2: Foul Ball, location: 2F
2-2: Ball
3-2: Base on Balls
Alan Potts to second
Batting: LHB Rob Wilson 0-0: Ball
1-0: Ball
2-0: Ball
3-0: Base on Balls
Alan Potts to third
Jim Henderson to second
Batting: RHB Fred Meyer 0-0: Called Strike
0-1: Ball
1-1: Ground out 6-3 (Groundball, 6)
Bottom of the 9th over - 0 run(s), 0 hit(s), 0 error(s), 3 left on base; Salem 2 - Lancaster 1
This league is powered by Out of the Park Baseball, the baseball management simulation game for PC, Mac and Linux
Friday, April 15th, 2016 - OOTP Baseball 16.9 Build 39